 Dungeon Crawl Stone Soup version 0.24.0-35-gdb84b6a5db (webtiles) character file.

Game seed: 7745403448371028703, levelgen mode: deterministic

64 Amplified the Conjurer (level 3, 0/31 HPs)
             Began as a Deep Dwarf Conjurer on Nov 20, 2019.
             Slain by an orc
             ... wielding a +0 flail
              (5 damage)
             ... on level 3 of the Dungeon.
             The game lasted 00:04:39 (1736 turns).

Amplified the Conjurer (Deep Dwarf Conjurer)        Turns: 1736, Time: 00:04:40

Health: 0/31       AC:  3    Str: 10 (12) XL:     3   Next: 91%
Magic:  4/4        EV: 12    Int: 13 (15) God:
Gold:   78         SH:  0    Dex: 10 (13) Spells: 4/5 levels left

rFire    . . .     SeeInvis .   f - +0 hand axe
rCold    + . .     Gourm    .   (no shield)
rNeg     . . .     Faith    .   a - +1 robe
rPois    .         Spirit   .   (no helmet)
rElec    .         Reflect  .   (no cloak)
rCorr    .         Harm     .   (no gloves)
MR       .....                  (no boots)
Stlth    ++........             (no amulet)
HPRegen  0.00/turn              g - ring of protection from cold
MPRegen  0.09/turn              (no ring)

@: non-regenerating
A: damage resistance, heal wounds, sense surroundings 1, no regeneration
a: Heal Wounds


You were on level 3 of the Dungeon.
You were not hungry.

You visited 1 branch of the dungeon, and saw 3 of its levels.

You collected 78 gold pieces.

Inventory:

Hand Weapons
 d - a +0 dagger
 f - a +0 hand axe (weapon)
Armour
 a - a +1 robe (worn)
Jewellery
 g - a ring of protection from cold (left hand)
Scrolls
 b - a scroll of fog
Comestibles
 c - 4 rations


   Skills:
 + Level 1.6 Fighting
 * Level 1.5 Axes
 - Level 1.5 Armour
 - Level 2.1 Dodging
 * Level 3.5 Stealth
 - Level 1.7 Spellcasting
 - Level 3.6 Conjurations


You had 4 spell levels left.
You knew the following spells:

 Your Spells              Type           Power        Failure   Level  Hunger
a - Magic Dart            Conj           ##..         6%          1    ##.....

Your spell library contained the following spells:

 Spells                   Type           Power        Failure   Level  Hunger
 Searing Ray              Conj           ##....       9%          2    ###....
 Dazzling Spray           Conj/Hex       #.....       36%         3    ####...
 Iskenderun's Mystic Bla  Conj           ##......     52%         4    #####..
 Force Lance              Conj/Tloc      #.......     77%         4    #####..
 Fulminant Prism          Conj/Hex       #.........   77%         4    #####..


Dungeon Overview and Level Annotations

Branches:
Dungeon (3/15)

Altars:
Qazlal
The Shining One


Innate Abilities, Weirdness & Mutations

You are resistant to damage.
You can heal yourself by infusing magical energy.
You passively map a small area around you.
You do not regenerate.


Message History

The orc hits you with a +0 flail!
You completely miss the orc.
The orc is severely wounded.
The orc hits you but does no damage. The orc hits you with a +0 flail.
You hit the orc but do no damage.
The orc is severely wounded.
The orc hits you with a +0 flail!
* * * LOW HITPOINT WARNING * * *
You hit the orc but do no damage.
The orc is heavily wounded.
The orc hits you with a +0 flail.
* * * LOW HITPOINT WARNING * * *
You closely miss the orc.
The orc is heavily wounded.
The orc barely misses you.
You fail to use your ability.
You hit the orc but do no damage.
The orc is heavily wounded.
The orc hits you with a +0 flail!
You die...

##..... .o..*
.....h..##o########
..........h.....l..
.......[##o#####...
.###. ** #.##### *
.# * #.#... , ..#
*####.#.# * ..#
*#......###### ...#
#.......oo@.# ..##
#.....####### ###,
*#.....# * #.....#
#.....# * * *
*#...... , #......
, , *......,,, ,


You could see 2 orcs.

Vanquished Creatures
  An ooze (D:1)
  3 dart slugs
  2 leopard geckos (D:2)
  2 orcs (D:3)
  11 bats
  2 giant cockroaches
  3 goblins
  7 hobgoblins
  3 jackals
  2 frilled lizards
  5 kobolds
  6 rats
47 creatures vanquished.

Notes
Turn   | Place    | Note
-------+----------+-------------------------------------------
     0 | D:1      | Amplified the Deep Dwarf Conjurer began the quest for the
                  | Orb.
     0 | D:1      | Reached XP level 1. HP: 15/15 MP: 3/3
   138 | D:1      | Reached skill level 1 in Armour
   139 | D:1      | Reached skill level 1 in Fighting
   139 | D:1      | Reached XP level 2. HP: 25/25 MP: 1/4
   185 | D:1      | Found a glowing golden altar of the Shining One.
   669 | D:1      | Reached XP level 3. HP: 8/31 MP: 5/5
  1021 | D:2      | Reached skill level 1 in Axes
  1531 | D:2      | Noticed an earth elemental
  1532 | D:2      | Found a stormy altar of Qazlal.
  1534 | D:2      | Noticed a water elemental
  1534 | D:2      | Noticed an air elemental
  1534 | D:2      | Noticed a fire elemental
  1736 | D:3      | Slain by an orc

Levels and vault maps discovered:
D:1:      denvon_arrival_waterhouse, layout_basic, minmay_misc_feat_alley,
          tso_altar
D:2:      layout_basic, nicolae_qazlal_style_of_elements, minmay_misc_feat_iff
D:3:      layout_rooms, kennysheep_ying_yang, first_ration,
          chequers_ecumenical_altar_twisty, minmay_misc_feat_four_crosses,
          uniq_ijyb

Skill      XL: |  1  2  3 |
---------------+----------+-----
Armour         | 1 |  1.5
Fighting       | 1 |  1.6
Axes           | 1 |  1.5
Stealth        | 3 |  3.5
Dodging        | |  2.1
Spellcasting   | |  1.7
Conjurations   | |  3.6

Action                   || total
-------------------------++-------
Melee: Dagger            ||    29
       Hand axe          ||   139
 Cast: Magic Dart        ||    16
 Abil: Heal Wounds       ||     2
  Use: Scroll            ||     5
       Potion            ||     4
 Stab: Sleeping          ||     8
  Eat: Ration            ||     1
Armor: Robe              ||    56
Dodge: Dodged            ||   181
